 Dungeon Crawl Stone Soup version 0.22-a0-480-g991dd4b (webtiles) character file.

144053 Mgcat the Marksgargoyle (level 17, -5/92 HPs)
             Began as a Gargoyle Hunter on June 14, 2018.
             Was the Champion of Okawaru.
             Killed from afar by a battlesphere (7 damage)
             ... created by HyperPerson7's ghost
             ... on level 2 of the Snake Pit on June 15, 2018.
             The game lasted 01:32:16 (26532 turns).

Mgcat the Marksgargoyle (Gargoyle Hunter)          Turns: 26532, Time: 01:32:17

Health: -5/92      AC: 44    Str: 22    XL:     17   Next: 39%
Magic:  17/24      EV: 16    Int: 14    God:    Okawaru [******]
Gold:   292        SH:  0    Dex: 19    Spells: 16/16 levels left

rFire    + . .     SeeInvis +   b - +4 morningstar (freeze)
rCold    + . .     Gourm    .   (no shield)
rNeg     + + .     Faith    .   r - +4 plate armour {MR+}
rPois    ∞         Spirit   .   t - +1 helmet of Heehaw {rElec rPois rF+ Dex+2}
rElec    +         Reflect  .   P - +2 cloak {MR+}
rCorr    .         Harm     .   v - +2 pair of gloves {Str+3}
MR       ++++.                  z - +2 pair of boots
Stlth    ..........             j - amulet of Gujeunu {+Rage rElec rC+ rN+ MR+}
HPRegen  0.25/turn              e - +6 ring of slaying
MPRegen  0.19/turn              o - ring "Zekimmich" {EV+3 Dex+5 SInv}

@: heroism, finesse, flying
A: big wings, negative energy resistance 1, electricity resistance, unbreathing,
petrification resistance, rot immunity, AC +12
a: Stop Flying, Heroism, Finesse, Renounce Religion, Evoke Berserk Rage


You were on level 2 of the Snake Pit.
You worshipped Okawaru.
Okawaru was exalted by your worship.
You were not hungry.

You visited 5 branches of the dungeon, and saw 26 of its levels.
You also visited: Bailey and Volcano.

You collected 2490 gold pieces.
You spent 2198 gold pieces at shops.

Inventory:

Hand Weapons
 a - a +3 longbow of flaming
   (You took it off Nessos on level 2 of the Orcish Mines)
 b - a +4 morningstar of freezing (weapon)
   (You took it off a wight on level 9 of the Dungeon)
Missiles
 d - 743 arrows
 y - a throwing net {=f, !d}
Armour
 r - a +4 plate armour of magic resistance (worn)
   (You bought it in a shop on level 2 of the Orcish Mines)
 t - the +1 helmet of Heehaw (worn) {rElec rPois rF+ Dex+2}
   (You found it in a bailey)

   It affects your dexterity (+2).
   It protects you from fire.
   It insulates you from electricity.
   It protects you from poison.
 v - a +2 pair of gloves of strength (worn)
   (Okawaru gifted it to you in a volcano)
 z - a +2 pair of boots (worn)
   (You found it on level 4 of the Dungeon)
 P - a +2 cloak of magic resistance (worn)
   (You took it off Maurice on level 11 of the Dungeon)
Jewellery
 c - an uncursed ring of wizardry {Wiz+, !d}
   (You found it on level 7 of the Dungeon)
 e - a +6 ring of slaying (left hand)
   (You found it on level 1 of the Dungeon)
 j - the amulet of Gujeunu (around neck) {+Rage rElec rC+ rN+ MR+}
   (You bought it in a shop on level 2 of the Orcish Mines)

   [amulet of rage]

   It protects you from cold.
   It insulates you from electricity.
   It protects you from negative energy.
   It affects your resistance to hostile enchantments.
   It lets you go berserk.
 o - the ring "Zekimmich" (right hand) {EV+3 Dex+5 SInv}
   (You bought it in a shop on level 12 of the Dungeon)

   [ring of evasion]

   It affects your evasion (+3).
   It affects your dexterity (+5).
   It lets you see invisible.
Wands
 w - a wand of scattershot (2)
   (You found it on level 15 of the Dungeon)
 K - a wand of acid (18)
   (You took it off an orc on level 10 of the Dungeon)
 Q - a wand of iceblast (14)
   (You took it off Maurice on level 11 of the Dungeon)
 S - a wand of digging (6)
   (You found it on level 3 of the Lair of Beasts)
Scrolls
 h - 9 scrolls of remove curse
 k - 3 scrolls of immolation {!r}
 l - a scroll of silence
 m - 9 scrolls of amnesia
 n - 6 scrolls of teleportation
 p - 3 scrolls of fear
 A - 4 scrolls of enchant armour
 F - 13 scrolls of identify
 H - 3 scrolls of magic mapping {!r}
 J - 4 scrolls of fog
Potions
 g - 5 potions of magic
 i - 3 potions of lignification {!q}
 q - 2 potions of agility
 u - 6 potions of haste
 x - 3 potions of brilliance
 B - 2 potions of ambrosia
 D - 6 potions of curing
 N - 2 potions of berserk rage {!q}
 O - 3 potions of cancellation
 T - 3 potions of might
Comestibles
 f - 30 rations


   Skills:
 - Level 5.6(10.6) Fighting
 - Level 16.0(21.0) Maces & Flails
 + Level 19.7(24.7) Bows
 - Level 5.4(10.4) Armour
 - Level 5.7(10.7) Dodging
 - Level 5.0(10.0) Stealth
 - Level 10.1 Invocations


You had 16 spell levels left.
You didn't know any spells.
Your spell library contained the following spells:

 Spells                   Type           Power        Failure   Level  Hunger
 Magic Dart               Conj           #...         98%         1    ##.....
 Conjure Flame            Conj/Fire      #.......     100%        3    ####...
 Slow                     Hex            #.......     99%         2    ###....
 Mephitic Cloud           Conj/Pois/Air  #.......     100%        3    ####...
 Blink                    Tloc           N/A          99%         2    ###....
 Animate Dead             Necr           N/A          100%        4    #####..
 Call Imp                 Summ           #.......     99%         2    ###....
 Sting                    Conj/Pois      #...         98%         1    ##.....
 Recall                   Summ/Tloc      N/A          100%        3    ####...
 Blade Hands              Tmut           #.........   100%        5    ######.
 Statue Form              Tmut/Erth      #........    100%        6    #######
 Dragon Form              Tmut           #.........   100%        7    #######
 Death Channel            Necr           #.........   100%        6    #######
 Sticks to Snakes         Tmut           #.......     99%         2    ###....
 Alistair's Intoxication  Tmut/Pois      #.......     100%        5    ######.
 Simulacrum               Ice/Necr       #.........   100%        6    #######
 Beastly Appendage        Tmut           #.....       98%         1    ##.....
 Hydra Form               Tmut           #.........   100%        6    #######
 Irradiate                Conj/Tmut      #.........   100%        5    ######.
 Borgnjor's Vile Clutch   Necr/Erth      #.........   100%        5    ######.


Dungeon Overview and Level Annotations

Branches:
Dungeon (15/15)            Temple (1/1) D:7            Lair (6/6) D:9
 Shoals (0/4) Lair:4        Snake (2/4) Lair:4        Slime (0/5) Lair:5
    Orc (2/2) D:9             Elf (0/3) Orc:2        Vaults (0/5) D:13
 Depths (0/5) D:15

Altars:
Ashenzari
Cheibriados
Dithmenos
Elyvilon
Fedhas
Gozag
Hepliaklqana
Kikubaaqudgha
Makhleb
Nemelex Xobeh
Okawaru
Qazlal
Ru
Sif Muna
Trog
Uskayaw
Vehumet
Wu Jian
Xom
Yredelemnul
Zin
The Shining One
Beogh

Shops:
D:8 :   D:11 *   D:12 =   Orc:2 :[[:=

Annotations:
Lair:4 exclusion: oklob plant
Snake:2 HyperPerson7's ghost, adept DEFE


Innate Abilities, Weirdness & Mutations

You are resistant to torment.
Your stone body is resilient. (AC +12)
You are immune to poison.
Your large and strong wings let you fly indefinitely.
You resist negative energy. (rN+)
You are resistant to electric shocks. (rElec)
You can survive without breathing.
You are immune to petrification.
You are immune to rotting.


Message History

You freeze the mana viper!
The mana viper is almost dead.
The mana viper bites you but does no damage.
You hit the mana viper.
The mana viper seems to slow down.
You freeze the mana viper.
You kill the mana viper!
Okawaru accepts your kill. The naga spits poison at you.
The splash of poison misses you.
You hit the naga. You freeze the naga.
The naga is moderately wounded.
The naga spits poison at you. The splash of poison hits you! You resist.
You closely miss the naga.
The naga is moderately wounded.
The naga spits poison at you. The splash of poison hits you! You resist.
You hit the naga. You freeze the naga.
The naga is heavily wounded.
You puncture the naga! You freeze the naga.
You kill the naga!
Okawaru accepts your kill.
No target in view!
No target in view!
No target in view!
Things that are here:
a trident; a robe Key pressed, stopping explore.
Things that are here:
a trident; a robe A naga sharpshooter comes into view.
It is wielding a halberd.
The naga sharpshooter shouts!
The naga sharpshooter unwields an uncursed halberd.
The naga sharpshooter wields an uncursed shortbow.
The naga sharpshooter mumbles some strange words.
The naga sharpshooter magically shoots an arrow.
The arrow hits you!
You see here an arrow.
The naga sharpshooter shoots an arrow.
The arrow hits you but does no damage.
You see here an arrow.
The naga sharpshooter shoots an arrow.
The arrow hits you but does no damage.
You see here an arrow.
HyperPerson7's ghost (adept Deep Elf Fire Elementalist) comes into view.
HyperPerson7's ghost turns its malevolent gaze towards you.
The naga sharpshooter spits poison at you.
The splash of poison misses you.
HyperPerson7's ghost mumbles some strange words.
HyperPerson7's ghost conjures a globe of magical energy!
Found a stone staircase leading down.
A battlesphere comes into view.
The naga sharpshooter casts a spell.
The naga sharpshooter magically shoots an arrow.
The arrow completely misses you.
You see here an arrow.
The naga sharpshooter shoots an arrow.
The arrow hits you.
You see here an arrow.
You hit the naga sharpshooter. You freeze the naga sharpshooter.
The naga sharpshooter is lightly wounded.
The naga sharpshooter gestures wildly while chanting.
The naga sharpshooter magically shoots an arrow.
The arrow hits you!
You closely miss the naga sharpshooter.
The naga sharpshooter is lightly wounded.
You sock the naga sharpshooter! You freeze the naga sharpshooter.
The naga sharpshooter is moderately wounded.
The naga sharpshooter shoots an arrow.
The arrow hits you but does no damage.
You gain the combat prowess of a mighty hero.
HyperPerson7's ghost casts a spell at you.
The bolt of fire hits you! You resist.
The naga sharpshooter shoots an arrow.
The arrow closely misses you.
The battlesphere fires!
The barrage of energy hits you!
You can now deal lightning-fast blows.
HyperPerson7's ghost barely misses you.
The naga sharpshooter mumbles some strange words.
The naga sharpshooter magically shoots an arrow.
The arrow hits you but does no damage.
You are too injured to fight recklessly!
You are too injured to fight recklessly!
You closely miss the naga sharpshooter.
The naga sharpshooter is moderately wounded.
You bludgeon the naga sharpshooter!! You freeze the naga sharpshooter.
The naga sharpshooter is severely wounded.
HyperPerson7's ghost points at you and mumbles some strange words.
The iron shot hits you!
The battlesphere fires!
The barrage of energy hits you!
You sock the naga sharpshooter! You freeze the naga sharpshooter.
Your punch misses the naga sharpshooter.
The naga sharpshooter is almost dead.
The naga sharpshooter casts a spell.
The naga sharpshooter magically shoots an arrow.
The arrow hits you.
You sock the naga sharpshooter! You freeze the naga sharpshooter.
The naga sharpshooter is almost dead.
You bludgeon the naga sharpshooter!! You freeze the naga sharpshooter.
You kill the naga sharpshooter!
Okawaru accepts your kill.
HyperPerson7's ghost points at you and mumbles some strange words.
The iron shot hits you!
* * * LOW HITPOINT WARNING * * *
The battlesphere fires!
The barrage of energy hits you!
You die...

#...
#...
#...
#>.#
#*.##
#...#
#W).#
#.@.#
#.(.# ##
##..#
..##
#(..#
...#
#(..#
...#
#(..#
###..#
#.(.#
##....#
#...#
##....##
#...#
###


You could see a battlesphere and HyperPerson7's ghost.

Vanquished Creatures
  Rupert (D:13)
  Gastronok (D:8)
  A nagaraja (Snake:2)
  Roxanne (D:15)
  Nessos (Orc:2)
  Azrael (Orc:2)
  Snorg (D:11)
  A yaktaur captain (D:13)
  Harold (Orc:1)
  Fannar (Orc:1)
  3 hydras
  2 centaur warriors
  4 naga warriors
  3 anacondas
  3 catoblepae
  Urug (D:11)
  7 two-headed ogres
  6 orc high priests (Orc:2)
  5 naga sharpshooters
  Nergalle (D:10)
  Sonja (Lair:4)
  3 shock serpents (Snake:1)
  A hell knight (Volcano)
  A salamander mystic (Volcano)
  2 unseen horrors
  3 naga ritualists (Snake:1)
  A glowing orange brain (D:15)
  5 mana vipers
  3 deep elf magi
  3 cyclopes
  15 ugly things
  10 elephants (Lair:4)
  6 salamanders
  Maurice (D:11)
  A merfolk siren (Lair:4)
  A guardian serpent (shapeshifter) (D:15)
  12 black mambas
  4 centaur zombies
  2 molten gargoyles (Volcano)
  A guardian serpent (Snake:2)
  3 naga magi
  2 gargoyles
  A torpor snail (Lair:6)
  A centaur skeleton (D:10)
  2 yaktaurs (D:13)
  A rime drake (Lair:3)
  7 komodo dragons
  20 spiny frogs
  2 tengu conjurers (D:13)
  A meliai (shapeshifter) (D:14)
  4 trolls
  A hornet (D:13)
  4 tyrant leeches (Lair:6)
  2 meliai zombies
  A raiju (shapeshifter) (D:14)
  2 dream sheep (Lair:6)
  26 blink frogs
  4 slime creatures (D:15)
  7 hippogriffs
  A blink frog (shapeshifter) (D:15)
  A shadow (D:13)
  7 wyverns
  47 yaks
  2 wraiths
  6 fire elementals (Orc:2)
  5 basilisks
  4 hungry ghosts
  A human (D:8)
  2 fire bats (Volcano)
  A steam dragon (D:10)
  6 vampire mosquitoes (Lair:6)
  6 wargs
  27 nagas
  4 acid dragons
  A water moccasin (shapeshifter) (D:15)
  A soldier ant (D:13)
  A hell hound (Orc:2)
  16 water moccasins
  12 porcupines
  3 black bears
  3 sky beasts
  24 orc warriors
  5 phantoms
  4 wolves
  5 boggarts (D:15)
  An eye of draining (shapeshifter) (D:15)
  7 ice beasts
  14 centaurs
  12 ogres
  4 crocodiles
  2 big kobolds
  21 bullfrogs
  A wyvern zombie (D:13)
  2 scorpions
  23 wights
  3 howler monkeys
  2 electric eels (D:8)
  5 lava snakes (Volcano)
  5 crimson imps
  A quasit (D:10)
  16 jellies
  47 orc priests
  7 hounds
  A bullfrog skeleton (D:5)
  2 iguanas
  24 orc wizards
  5 worker ants
  A centaur simulacrum (D:8)
  A hound zombie (D:9)
  A killer bee simulacrum (D:8)
  6 gnolls
  15 adders
  4 shadow imps
  2 white imps (D:8)
  2 worker ant simulacra (D:8)
  3 oozes
  3 adder skeletons
  3 worms
  2 dart slugs
  3 leopard geckos
  108 orcs
  5 giant cockroaches
  5 goblins
  11 hobgoblins
  7 jackals
  18 kobolds
  2 quokkas
  3 ball pythons
  14 bats
  8 frilled lizards
  A giant cockroach zombie (D:5)
  A leopard gecko skeleton (D:8)
  A leopard gecko zombie (D:5)
  A quokka zombie (D:7)
  6 rats
  A plant (Lair:4)
850 creatures vanquished.

Vanquished Creatures (collateral kills)
  An orc wizard (Orc:1)
  An orc (Orc:1)
2 creatures vanquished.

Vanquished Creatures (others)
  A naga warrior (Snake:2)
  A black mamba (Snake:2)
  A water elemental (D:14)
  A warg (Orc:2)
  An eye of draining (D:14)
  A gnoll (D:8)
  An ufetubus (D:8)
  25 fungi
  39 plants
71 creatures vanquished.

Grand Total: 923 creatures vanquished

Notes
Turn   | Place    | Note
-------+----------+-------------------------------------------
     0 | D:1      | Mgcat the Gargoyle Hunter began the quest for the Orb.
     0 | D:1      | Reached XP level 1. HP: 12/12 MP: 1/1
   103 | D:1      | Reached skill level 1 in Maces & Flails
   147 | D:1      | Reached XP level 2. HP: 11/17 MP: 2/2
   347 | D:1      | Reached skill level 2 in Maces & Flails
   725 | D:1      | Reached XP level 3. HP: 19/21 MP: 3/3
  1002 | D:2      | Found a shimmering altar of Xom.
  1055 | D:2      | Found a glowing silver altar of Zin.
  1174 | D:2      | Reached skill level 3 in Maces & Flails
  1533 | D:3      | Reached XP level 4. HP: 26/26 MP: 4/4
  1794 | D:3      | Reached skill level 4 in Maces & Flails
  1994 | D:3      | Found an ornate altar of the Wu Jian Council.
  2166 | D:4      | Reached XP level 5. HP: 30/30 MP: 5/5
  2309 | D:4      | Noticed an ogre
  2633 | D:4      | Got a smoking ring mail
  2644 | D:4      | Identified the cursed +1 ring mail "Qoshes" {rPois} (You found it on level 4 of the Dungeon)
  2754 | D:4      | Killed an ogre
  2754 | D:4      | Reached skill level 5 in Maces & Flails
  2754 | D:4      | Reached XP level 6. HP: 28/35 MP: 6/6
  2769 | D:5      | Entered Level 5 of the Dungeon
  2769 | D:5      | Noticed a sky beast
  2774 | D:5      | Killed a sky beast
  2774 | D:5      | Reached skill level 6 in Maces & Flails
  2825 | D:5      | Noticed an ice beast
  2833 | D:5      | Killed an ice beast
  2833 | D:5      | Reached skill level 7 in Maces & Flails
  2833 | D:5      | Reached XP level 7. HP: 36/40 MP: 7/7
  3176 | D:5      | Reached skill level 8 in Maces & Flails
  3184 | D:5      | Reached skill level 3 in Fighting
  3371 | D:5      | Reached XP level 8. HP: 48/48 MP: 8/8
  3378 | D:5      | Reached skill level 4 in Fighting
  3705 | D:6      | Found a snail-covered altar of Cheibriados.
  3729 | D:6      | Reached skill level 5 in Fighting
  3758 | D:6      | Reached skill level 1 in Armour
  3823 | D:6      | Reached skill level 2 in Armour
  3850 | D:6      | Reached skill level 3 in Armour
  3917 | D:6      | Reached skill level 4 in Armour
  4212 | D:6      | Reached skill level 5 in Armour
  4317 | D:6      | Found an ancient bone altar of Kikubaaqudgha.
  4345 | D:6      | Found a burning altar of Makhleb.
  4413 | D:7      | Found a hide-covered altar of Uskayaw.
  4414 | D:7      | Found a sparkling altar of Nemelex Xobeh.
  4466 | D:7      | Found a staircase to the Ecumenical Temple.
  4482 | D:7      | Reached skill level 2 in Stealth
  4482 | D:7      | Noticed a hippogriff
  4484 | D:7      | Reached skill level 3 in Stealth
  4507 | D:7      | Killed a hippogriff
  4507 | D:7      | Reached skill level 4 in Stealth
  4507 | D:7      | Reached XP level 9. HP: 46/54 MP: 9/9
  4508 | D:7      | Reached skill level 5 in Stealth
  4531 | Temple   | Entered the Ecumenical Temple
  4678 | Temple   | Became a worshipper of Warmaster Okawaru
  5168 | D:7      | Reached skill level 9 in Maces & Flails
  5391 | D:8      | Noticed Gastronok
  5619 | D:8      | Found a flagged portal.
  5647 | Bailey   | Entered a bailey
  5973 | Bailey   | Reached * piety under Okawaru
  5973 | Bailey   | Reached skill level 10 in Maces & Flails
  6120 | Bailey   | Got a brightly glowing helmet
  6386 | D:8      | Reached skill level 11 in Maces & Flails
  6622 | D:8      | Found Xycu's Book Shoppe.
  6623 | D:8      | Noticed a two-headed ogre
  6634 | D:8      | Killed a two-headed ogre
  6634 | D:8      | Reached ** piety under Okawaru
  6634 | D:8      | Reached XP level 10. HP: 54/59 MP: 10/10
  6642 | D:8      | Noticed a two-headed ogre
  6669 | D:8      | Killed a two-headed ogre
  6669 | D:8      | Reached *** piety under Okawaru
  6669 | D:8      | Reached skill level 12 in Maces & Flails
  6669 | D:8      | HP: 7/59 [orc priest/divine providence (15)]
  6987 | D:7      | Reached skill level 2 in Dodging
  7157 | D:8      | Killed Gastronok
  7157 | D:8      | Reached **** piety under Okawaru
  7157 | D:8      | Reached skill level 5 in Dodging
  7182 | D:8      | Reached XP level 11. HP: 27/64 MP: 11/11
  7188 | D:8      | HP: 16/64 [orc priest/divine providence (9)]
  7207 | D:7      | Identified the +1 helmet of Heehaw {rElec rPois rF+ Dex+2} (You found it in a bailey)
  7661 | D:8      | Reached skill level 5 in Bows
  8011 | D:9      | Received a gift from Okawaru
  8050 | D:9      | Found a sacrificial altar of Ru.
  8057 | D:9      | Reached skill level 6 in Bows
  8110 | D:9      | Found a staircase to the Lair.
  8140 | D:9      | Received a gift from Okawaru
  8180 | D:9      | Reached skill level 7 in Bows
  8256 | D:9      | Found an opulent altar of Gozag.
  8505 | D:9      | Reached skill level 8 in Bows
  8657 | D:9      | Found a staircase to the Orcish Mines.
  8668 | D:9      | Reached skill level 1 in Invocations
  8692 | D:9      | Found a deep blue altar of Sif Muna.
  8795 | D:9      | Reached skill level 2 in Invocations
  8949 | D:10     | Entered Level 10 of the Dungeon
  8968 | D:10     | Reached skill level 3 in Invocations
  9000 | D:10     | Reached skill level 4 in Invocations
  9002 | D:10     | Reached ***** piety under Okawaru
  9026 | D:10     | Reached skill level 5 in Invocations
  9228 | D:10     | Reached skill level 6 in Invocations
  9372 | D:10     | Received a gift from Okawaru
  9572 | D:10     | Noticed Nergalle
  9585 | D:10     | Killed Nergalle
  9585 | D:10     | Reached skill level 7 in Invocations
  9589 | D:10     | Reached XP level 12. HP: 58/68 MP: 17/17
  9606 | D:10     | Noticed a two-headed ogre
  9612 | D:10     | Killed a two-headed ogre
  9612 | D:10     | Reached skill level 8 in Invocations
  9828 | D:10     | Upgraded the game from 0.22-a0-479-gc6e99f3 to 0.22-a0-480-g991dd4b
  9888 | D:11     | Noticed Urug
  9917 | D:11     | Killed Urug
  9917 | D:11     | Reached skill level 9 in Invocations
  9980 | D:11     | Noticed Maurice
  9991 | D:11     | Killed Maurice
 10062 | D:11     | Noticed Snorg
 10084 | D:11     | Killed Snorg
 10084 | D:11     | Received a gift from Okawaru
 10097 | D:11     | Reached skill level 10 in Invocations
 10363 | D:11     | Found a bloodstained altar of Trog.
 10539 | D:11     | Found Amnaoroe's Assorted Antiques.
 10718 | Lair:1   | Entered Level 1 of the Lair of Beasts
 12011 | Lair:2   | Reached skill level 13 in Maces & Flails
 12543 | Lair:3   | Received a gift from Okawaru
 12603 | Lair:3   | Identified a scroll of acquirement
 12606 | Lair:3   | Got an ichor-stained buckler
 12612 | Lair:3   | Identified the +2 buckler of Toas {rF- rN+ Int-2 Dex+6} (You acquired it on level 3 of the Lair of Beasts)
 12628 | Lair:3   | Reached skill level 9 in Bows
 12802 | Lair:3   | Noticed a catoblepas
 12818 | Lair:3   | Killed a catoblepas
 12818 | Lair:3   | Received a gift from Okawaru
 12818 | Lair:3   | Reached XP level 13. HP: 73/74 MP: 18/20
 13399 | Lair:4   | Received a gift from Okawaru
 13410 | Lair:4   | Reached skill level 14 in Maces & Flails
 13595 | Lair:4   | Reached skill level 10 in Bows
 13601 | Lair:4   | Found a staircase to the Shoals.
 14290 | Lair:4   | Noticed Sonja
 14301 | Lair:4   | Killed Sonja
 14407 | Lair:4   | Found a staircase to the Snake Pit.
 14727 | Lair:4   | Reached skill level 15 in Maces & Flails
 15110 | Lair:5   | Reached ****** piety under Okawaru
 15179 | Lair:5   | Found a staircase to the Slime Pits.
 15531 | Lair:5   | Received a gift from Okawaru
 15911 | Lair:6   | Entered Level 6 of the Lair of Beasts
 16122 | Lair:6   | Reached skill level 11 in Bows
 16133 | Lair:6   | Gained mutation: Your large and strong wings let you fly indefinitely. [Gargoyle growth]
 16133 | Lair:6   | Reached XP level 14. HP: 27/79 MP: 21/21
 16145 | Lair:6   | HP: 12/79 [spiny frog (15)]
 16188 | Lair:6   | HP: 19/79 [komodo dragon (16)]
 16199 | Lair:6   | HP: 19/79 [spiny frog (12)]
 16336 | Lair:6   | Received a gift from Okawaru
 16477 | Lair:6   | Reached skill level 16 in Maces & Flails
 16575 | Lair:6   | Received a gift from Okawaru
 16747 | Lair:6   | Reached skill level 12 in Bows
 16780 | Lair:6   | Received a gift from Okawaru
 17305 | Orc:1    | Entered Level 1 of the Orcish Mines
 17411 | Orc:2    | Entered Level 2 of the Orcish Mines
 17411 | Orc:2    | Found a staircase to the Elven Halls.
 17426 | Orc:2    | Noticed Azrael
 17444 | Orc:2    | Killed Azrael
 17703 | Orc:2    | Reached skill level 13 in Bows
 17722 | Orc:2    | Found Lutorr's Antique Armour Shoppe.
 17755 | Orc:1    | Noticed Harold
 17785 | Orc:1    | Killed Harold
 17812 | Orc:1    | Found a dark tunnel.
 17816 | Orc:1    | Noticed Fannar
 17832 | Orc:1    | Killed Fannar
 17851 | Volcano  | Entered a volcano
 18010 | Volcano  | Received a gift from Okawaru
 18108 | Volcano  | Found a radiant altar of Vehumet.
 18129 | Volcano  | Received a gift from Okawaru
 18709 | Volcano  | Reached skill level 14 in Bows
 18709 | Volcano  | Reached XP level 15. HP: 84/84 MP: 22/22
 18848 | Orc:1    | Reached skill level 15 in Bows
 19207 | Orc:2    | Noticed Nessos
 19222 | Orc:2    | Killed Nessos
 19448 | Orc:2    | HP: 20/84 [orc priest/divine providence (12)]
 19454 | Orc:2    | HP: 11/84 [orc priest/divine providence (11)]
 19879 | Orc:2    | Found a roughly hewn altar of Beogh.
 20024 | Orc:2    | Found Cupoas's Jewellery Shoppe.
 20027 | Orc:2    | Reached XP level 16. HP: 88/88 MP: 23/23
 20294 | Orc:2    | Bought the amulet of Gujeunu {+Rage rElec rC+ rN+ MR+} for 991 gold pieces
 20306 | Orc:2    | Found Kuonne Nuem's Book Shop.
 20375 | Orc:2    | Found Xeucw's Book Shop.
 20375 | Orc:2    | Found Vomil's Armour Shoppe.
 20577 | Orc:2    | Bought a glowing plate armour for 780 gold pieces
 20680 | D:9      | Identified Sif Muna's Handbook of Contamination
 20987 | D:12     | Reached skill level 16 in Bows
 21036 | D:12     | Found Haneytai's Jewellery Shop.
 21047 | D:12     | Bought the ring "Zekimmich" {EV+3 Dex+5 SInv} for 427 gold pieces
 21937 | D:13     | Found a gate to the Vaults.
 22366 | D:13     | Noticed Rupert
 22379 | D:13     | Killed Rupert
 22379 | D:13     | Received a gift from Okawaru
 22779 | D:14     | Reached skill level 17 in Bows
 22945 | D:14     | Got an ichor-stained robe
 23423 | D:15     | Entered Level 15 of the Dungeon
 23433 | D:15     | Noticed Roxanne
 23459 | D:15     | Killed Roxanne
 23463 | D:15     | Identified Roxanne's Reference Book on Changing (You took it off Roxanne on level 15 of the Dungeon)
 23612 | D:15     | Reached skill level 18 in Bows
 23984 | D:15     | Got a scintillating platinum amulet
 23986 | D:15     | Identified the amulet "Meblowif" {rElec Regen+ Str+3 Stlth+} (You found it on level 15 of the Dungeon)
 24161 | D:15     | Received a gift from Okawaru
 24575 | D:15     | Found a staircase to the Depths.
 24897 | Snake:1  | Entered Level 1 of the Snake Pit
 25147 | Snake:1  | Reached XP level 17. HP: 39/92 MP: 24/24
 25384 | Snake:1  | Received a gift from Okawaru
 25686 | Snake:1  | Found a burning altar of Makhleb.
 25744 | Snake:1  | Reached skill level 19 in Bows
 26520 | Snake:2  | Noticed HyperPerson7's ghost (adept DEFE)
 26532 | Snake:2  | HP: 2/92 [HyperPerson7's ghost/iron shot (37)]
 26532 | Snake:2  | Killed from afar by a battlesphere

Vault maps used:
D:1:      mrwooster_arrival_statue_3, minmay_misc_feat_cross
D:2:      lemuel_doored_altar, zin_scriptorium, minmay_misc_feat_five,
          hangedman_decor_growths, uniq_crazy_yiuf_cottage
D:3:      overflow_temple_1_default, minmay_liquid_box
D:5:      cheibrodos_thug_alley, first_ration
D:6:      kennysheep_mini, lemuel_crystal_altar, kennysheep_slug_shrine
D:7:      cheibrodos_quashed, gammafunk_temple_overflow_pools, temple_statues
D:8:      serial_shops, nicolae_shop_statue_plus, serial_ice, serial_ice_b,
          serial_ice_l, serial_ice_g, serial_ice_e, enter_bailey_2,
          minivault_11, grunt_pizzeria, uniq_gastronok
D:9:      grunt_gozag_breadcrumbs, led_sif_book,
          nicolae_ru_great_annihilating_truth, due_lair_maze_entry_diamond,
          orc_0_dummy
D:10:     uniq_nergalle
D:11:     serial_shops, kennysheep_mini_moat, bloody_trog, uniq_snorg,
          uniq_urug, uniq_maurice
D:12:     serial_shops, shop
D:13:     david_vaults_2, uniq_rupert
D:14:     grunt_ministairs_1, lemuel_freeze_loot_1
D:15:     gammafunk_enter_depths_forms, minmay_stone_trees_small, uniq_roxanne
Temple:   minmay_temple_curvy_loop
Lair:1:   serial_bayou_shore_b, serial_bayou_shore_a, infiniplex_staircase_pool,
          grunt_megastairs_5, lemuel_fruit_tree
Lair:4:   minmay_shoals_entry_lonely_mermaid,
          minmay_snake_entry_guardpost_small, hibernation_bobbens,
          minmay_lair_oklob_chamber, grunt_megastairs_4, uniq_sonja
Lair:5:   minmay_slime_entry_jelly_boxes
Lair:6:   minmay_lair_end_frog_pond
Snake:1:  basic_altar, spider_trap
Orc:1:    enter_volcano_2, uniq_fannar, uniq_harold
Orc:2:    st_orc_town, special_room, serial_shops, nicolae_shop_trees,
          uniq_azrael, uniq_nessos
Bailey:   bailey_polearm_1, bailey
Volcano:  volcano_lake

Skill      XL: |  1  2  3  4  5  6  7  8  9 10 11 12 13 14 15 16 17 |
---------------+----------------------------------------------------+-----
Maces & Flails | 1 2 3 4 5 7 8 11 12 13 15 16 | 16.0
Fighting       | 3 5 |  5.6
Armour         | 5 |  5.4
Stealth        | 4 5 |  5.0
Dodging        | 5 |  5.7
Bows           | 8 9 11 14 15 18 19 | 19.7
Invocations    | 7 10 | 10.1

Action                   |  1- 3 |  4- 6 |  7- 9 | 10-12 | 13-15 | 16-18 || total
-------------------------+-------+-------+-------+-------+-------+-------++-------
Melee: Mace              |    85 |    69 |   245 |   513 |       |       ||   912
       Punch             |       |       |       |     3 |     4 |       ||     7
       Morningstar       |       |       |       |   207 |   730 |   830 ||  1767
 Fire: Shortbow          |       |    22 |    98 |    65 |   108 |       ||   293
       Longbow           |       |       |       |       |    13 |    55 ||    68
Invok: Heroism           |       |       |     2 |    12 |    14 |     4 ||    32
       Finesse           |       |       |       |     1 |     3 |     2 ||     6
 Abil: Fly               |       |       |       |       |     1 |       ||     1
Evoke: Wand              |       |       |    36 |       |     8 |       ||    44
  Use: Scroll            |       |       |    22 |     4 |    13 |     5 ||    44
       Potion            |       |       |     1 |       |     8 |       ||     9
 Stab: Sleeping          |     4 |       |       |     4 |    13 |       ||    21
       Distracted        |     1 |       |       |     4 |     4 |     1 ||    10
  Eat: Chunk             |     2 |     4 |     7 |    48 |    24 |     6 ||    91
       Ration            |       |       |     1 |     1 |       |     4 ||     6
Armor: Leather armour    |    47 |     3 |       |       |       |       ||    50
       Ring mail         |       |    40 |   149 |   315 |   248 |       ||   752
       Chain mail        |       |       |       |       |    41 |    19 ||    60
       Plate armour      |       |       |       |       |       |   490 ||   490
Dodge: Dodged            |    52 |    40 |   153 |   404 |   372 |   376 ||  1397

Table legend:
 A = Spawn XP
 B = Non-spawn XP
 C = Spawn XP percentage of total XP
 D = Spawn monster count
 E = Non-spawn monster count
 F = Spawn count percentage of total count
 G = Total turns spent on level
                    A         B        C        D         E        F      G
               +---------+---------+-------+---------+---------+-------+---------
         Total |       0 |  165508 |   0.0 |       0 |     853 |   0.0 | 26532
               +---------+---------+-------+---------+---------+-------+---------
           D:1 |       0 |      40 |   0.0 |       0 |      23 |   0.0 |   906
           D:2 |       0 |      29 |   0.0 |       0 |      16 |   0.0 |   616
           D:3 |       0 |      61 |   0.0 |       0 |      17 |   0.0 |   772
           D:4 |       0 |     210 |   0.0 |       0 |       8 |   0.0 |   475
           D:5 |       0 |     968 |   0.0 |       0 |      34 |   0.0 |   895
           D:6 |       0 |     711 |   0.0 |       0 |      21 |   0.0 |   748
           D:7 |       0 |    1241 |   0.0 |       0 |      23 |   0.0 |  1872
           D:8 |       0 |    5857 |   0.0 |       0 |      55 |   0.0 |   861
           D:9 |       0 |    3885 |   0.0 |       0 |      64 |   0.0 |  1082
          D:10 |       0 |    5525 |   0.0 |       0 |      35 |   0.0 |   966
          D:11 |       0 |    5160 |   0.0 |       0 |      22 |   0.0 |   827
          D:12 |       0 |    5653 |   0.0 |       0 |      37 |   0.0 |   711
          D:13 |       0 |   11722 |   0.0 |       0 |      30 |   0.0 |  1158
          D:14 |       0 |   15514 |   0.0 |       0 |      38 |   0.0 |   833
          D:15 |       0 |    9992 |   0.0 |       0 |      28 |   0.0 |  1292
        Lair:1 |       0 |    2169 |   0.0 |       0 |      13 |   0.0 |  1128
        Lair:2 |       0 |    1786 |   0.0 |       0 |       7 |   0.0 |   815
        Lair:3 |       0 |    4781 |   0.0 |       0 |      19 |   0.0 |   886
        Lair:4 |       0 |   13059 |   0.0 |       0 |      46 |   0.0 |  1693
        Lair:5 |       0 |    3916 |   0.0 |       0 |      26 |   0.0 |   894
        Lair:6 |       0 |   17734 |   0.0 |       0 |      64 |   0.0 |  1248
       Snake:1 |       0 |   19330 |   0.0 |       0 |      39 |   0.0 |  1112
       Snake:2 |       0 |   13338 |   0.0 |       0 |      26 |   0.0 |   523
         Orc:1 |       0 |    4780 |   0.0 |       0 |      39 |   0.0 |   928
         Orc:2 |       0 |   11978 |   0.0 |       0 |      91 |   0.0 |  1508
        Bailey |       0 |     968 |   0.0 |       0 |      17 |   0.0 |   690
       Volcano |       0 |    5101 |   0.0 |       0 |      15 |   0.0 |   922
               +---------+---------+-------+---------+---------+-------+---------

Vault maps used:
D:1:      mrwooster_arrival_statue_3, minmay_misc_feat_cross
D:2:      lemuel_doored_altar, zin_scriptorium, minmay_misc_feat_five,
          hangedman_decor_growths, uniq_crazy_yiuf_cottage
D:3:      overflow_temple_1_default, minmay_liquid_box
D:5:      cheibrodos_thug_alley, first_ration
D:6:      kennysheep_mini, lemuel_crystal_altar, kennysheep_slug_shrine
D:7:      cheibrodos_quashed, gammafunk_temple_overflow_pools, temple_statues
D:8:      serial_shops, nicolae_shop_statue_plus, serial_ice, serial_ice_b,
          serial_ice_l, serial_ice_g, serial_ice_e, enter_bailey_2,
          minivault_11, grunt_pizzeria, uniq_gastronok
D:9:      grunt_gozag_breadcrumbs, led_sif_book,
          nicolae_ru_great_annihilating_truth, due_lair_maze_entry_diamond,
          orc_0_dummy
D:10:     uniq_nergalle
D:11:     serial_shops, kennysheep_mini_moat, bloody_trog, uniq_snorg,
          uniq_urug, uniq_maurice
D:12:     serial_shops, shop
D:13:     david_vaults_2, uniq_rupert
D:14:     grunt_ministairs_1, lemuel_freeze_loot_1
D:15:     gammafunk_enter_depths_forms, minmay_stone_trees_small, uniq_roxanne
Temple:   minmay_temple_curvy_loop
Lair:1:   serial_bayou_shore_b, serial_bayou_shore_a, infiniplex_staircase_pool,
          grunt_megastairs_5, lemuel_fruit_tree
Lair:4:   minmay_shoals_entry_lonely_mermaid,
          minmay_snake_entry_guardpost_small, hibernation_bobbens,
          minmay_lair_oklob_chamber, grunt_megastairs_4, uniq_sonja
Lair:5:   minmay_slime_entry_jelly_boxes
Lair:6:   minmay_lair_end_frog_pond
Snake:1:  basic_altar, spider_trap
Orc:1:    enter_volcano_2, uniq_fannar, uniq_harold
Orc:2:    st_orc_town, special_room, serial_shops, nicolae_shop_trees,
          uniq_azrael, uniq_nessos
Bailey:   bailey_polearm_1, bailey
Volcano:  volcano_lake

Table legend:
 A = Turns spent in this place as a percentage of turns spent in the entire game.
 B = Non-inter-level travel turns spent in this place as a percentage of non-inter-level travel turns spent in the entire game.
 C = Inter-level travel turns spent in this place as a percentage of turns spent in this place.
 D = Turns resting spent in this place as a percentage of non-inter-level travel turns spent in this place.
 E = Turns spent auto-exploring this place as a percentage of non-inter-level travel turns spent in this place.
 F = Non-inter-level travel turns spent in this place divided by the number of levels of this place that you've seen.
                   A       B       C       D       E      F
               +-------+-------+-------+-------+-------+----------------------
         Total | 100.0 | 100.0 |   5.4 |  10.0 |  63.6 | 896.8
       Dungeon |  52.8 |  52.4 |   6.1 |   9.5 |  64.6 | 876.9
        Temple |   0.6 |   0.6 |  12.9 |   0.0 |  95.3 | 149.0
          Lair |  25.1 |  25.0 |   5.9 |   4.2 |  73.8 | 1045.3
     Snake Pit |   6.2 |   6.5 |   0.9 |   2.6 |  66.4 | 810.5
  Orcish Mines |   9.2 |   9.2 |   5.5 |  23.3 |  43.0 | 1151.0
        Bailey |   2.6 |   2.7 |   0.0 |   0.0 |  70.0 | 690.0
       Volcano |   3.5 |   3.7 |   0.0 |  45.9 |  16.9 | 922.0
               +-------+-------+-------+-------+-------+----------------------

Table legend:
 A = Kills in this place as a percentage of kills in entire the game.
 B = Kills by you in this place as a percentage of kills by you in the entire game.
 C = Kills by friends in this place as a percentage of kills by friends in the entire game.
 D = Other kills in this place as a percentage of other kills in the entire game.
 E = Experience gained in this place as a percentage of experience gained in the entire game.
 F = Experience gained in this place divided by the number of levels of this place that you have seen.
                   A       B       C       D       E      F
               +-------+-------+-------+-------+-------+----------------------
         Total | 100.0 | 100.0 | 100.0 | 100.0 | 100.0 | 5911.0
       Dungeon |  52.9 |  53.1 |   0.0 |   0.0 |  40.2 | 4437.9
          Lair |  20.5 |  20.6 |   0.0 |   0.0 |  26.2 | 7240.8
     Snake Pit |   7.6 |   7.4 |   0.0 | 100.0 |  19.7 | 16334.0
  Orcish Mines |  15.2 |  15.1 | 100.0 |   0.0 |  10.1 | 8379.0
        Bailey |   2.0 |   2.0 |   0.0 |   0.0 |   0.6 | 968.0
       Volcano |   1.8 |   1.8 |   0.0 |   0.0 |   3.1 | 5101.0
               +-------+-------+-------+-------+-------+----------------------
